 Dungeon Crawl Stone Soup version 0.29-a0-802-g34511f41fd (webtiles) character file.

Game seed: 17937155430462545226

1457236 Ajdolov the Slayer (level 27, 300/300 HPs)
             Began as an Ogre Air Elementalist on July 3, 2022.
             Was the Champion of Sif Muna.
             Escaped with the Orb
             ... and 3 runes!
             The game lasted 03:33:49 (93993 turns).

Ajdolov the Slayer (Ogre Air Elementalist)         Turns: 93993, Time: 03:33:49

Health: 300/300    AC: 13    Str: 20    XL:     27
Magic:  39/49      EV: 12    Int: 37    God:    Sif Muna [******]
Gold:   5502       SH:  0    Dex:  7    Spells: 6/50 levels left

rFire   + . .      SeeInvis +   b - staff of air
rCold   . . .      Faith    +   (no shield)
rNeg    . . .      Spirit   .   r - +2 robe {Archmagi}
rPois   .          Reflect  .   J - +3 hat of Pondering {ponderous, Will+ MP+10 Int+5}
rElec   +          Harm     .   V - +1 cloak
rCorr   .          Rampage  .   (gloves unavailable)
Will    ++++.      Archmagi +   (boots unavailable)
Stlth   +.........              h - amulet of faith
HPRegen 1.40/turn               G - ring of Bothryocs {Fly rF+ Int+6}
MPRegen 0.31/turn               s - ring of see invisible

@: flying, studying Evocations, slow
A: large, unfitting armour, tough skin 1, iridescent scales 1, clumsy 1,
strong-willed 1, regeneration 1
0: Orb of Zot
}: 3/15 runes: serpentine, barnacled, silver
a: Renounce Religion, Channel Magic, Forget Spell, Divine Exegesis


You escaped.
You worshipped Sif Muna.
Sif Muna was exalted by your worship.
You visited 11 branches of the dungeon, and saw 52 of its levels.
You visited 1 bazaar.
You visited 1 ziggurat, and saw 8 of its levels.
You also visited: Trove and Gauntlet.

You collected 9567 gold pieces.
You spent 4065 gold pieces at shops.

Inventory:

Missiles
 p - 5 throwing nets
Armour
 r - a +2 robe of the Archmagi (worn)
 J - the +3 hat of Pondering (worn) {ponderous, Will+ MP+10 Int+5}
   (You acquired it on level 2 of the Depths)

   Int:       It affects your intelligence (+5).
   MP:        It affects your magic capacity (+10).
   Will:      It increases your willpower.
 V - a +1 cloak (worn)
Magical Staves
 b - a staff of air (weapon)
Jewellery
 g - a ring of protection from cold
 h - an amulet of faith (around neck)
 i - the ring "Houpad" {rF+ rCorr Str-4 Int+6 Stlth+}
   (You took it off a deep elf pyromancer on level 3 of the Elven Halls)

   [ring of intelligence]

   Str:       It affects your strength (-4).
   Int:       It affects your intelligence (+6).
   rF:        It protects you from fire.
   rCorr:     It protects you from acid and corrosion.
   Stlth:     It makes you more stealthy.
 o - the ring "Kuypheel" {Will+ Int+4}
   (You found it in a treasure trove)

   [ring of willpower]

   Int:       It affects your intelligence (+4).
   Will:      It increases your willpower.
 s - a ring of see invisible (right hand)
 G - the ring of Bothryocs (left hand) {Fly rF+ Int+6}
   (You found it on level 1 of the Crypt)

   [ring of intelligence]

   Int:       It affects your intelligence (+6).
   rF:        It protects you from fire.
   Fly:       It grants you flight.
 S - a +6 ring of dexterity
Wands
 l - a wand of acid (41)
 x - a wand of iceblast (24)
 y - a wand of digging (20)
 D - a wand of charming (52)
 K - a wand of mindburst (28)
 O - a wand of flame (75)
 U - a wand of polymorph (24)
Scrolls
 c - 21 scrolls of teleportation
 e - 7 scrolls of immolation
 f - 2 scrolls of blinking
 k - 9 scrolls of fear
 n - 2 scrolls of brand weapon
 v - 7 scrolls of silence
 H - a scroll of magic mapping
 I - 14 scrolls of fog
 P - 5 scrolls of amnesia
 R - 3 scrolls of summoning
 T - 9 scrolls of poison
 Z - 2 scrolls of enchant weapon
Potions
 d - 6 potions of magic
 j - 5 potions of haste
 m - 25 potions of curing
 u - 8 potions of attraction
 w - 9 potions of heal wounds
 z - 7 potions of brilliance
 A - 2 potions of berserk rage
 B - 4 potions of resistance
 E - 9 potions of flight
 F - 15 potions of might
 L - 5 potions of cancellation
 M - 12 potions of lignification
 N - 10 potions of invisibility
 Q - 12 potions of ambrosia
 W - 8 potions of mutation
Miscellaneous
 a - a phantom mirror
 q - a box of beasts
 t - a condenser vane
 C - a lightning rod (4/4)
 X - a tin of tremorstones (2/2)
 Y - a phial of floods


   Skills:
 - Level 22.1 Fighting
 - Level 11.4 Armour
 - Level 11.7 Dodging
 + Level 8.0 Stealth
 - Level 15.0 Unarmed Combat
 - Level 12.3 Spellcasting
 + Level 17.4 Conjurations
 - Level 10.0 Translocations
 - Level 17.3 Transmutations
 * Level 21.3 Air Magic
 - Level 9.0 Invocations
 - Level 10.0 Evocations


You had 6 spell levels left.
You knew the following spells:

 Your Spells              Type           Power      Damage    Failure   Level
a - Storm Form            Tmut/Air       77%        N/A       1%          7
b - Maxwell's Capacitive  Air            79%        ∞         1%          8
d - Swiftness             Air            100%       N/A       0%          3
e - Apportation           Tloc           100%       N/A       1%          1
f - Conjure Ball Lightni  Conj/Air       77%        3x3d28    1%          6
g - Lightning Bolt        Conj/Air       77%        1d103     0%          5
h - Manifold Assault      Tloc           98%        N/A       1%          5
i - Passage of Golubria   Tloc           98%        N/A       1%          4
j - Silence               Hex/Air        62%        N/A       1%          5

Your spell library contained the following spells:

 Spells                   Type           Power      Damage    Failure   Level
 Beastly Appendage        Tmut           100%       N/A       0%          1
 Magic Dart               Conj           100%       1d8       0%          1
 Shock                    Conj/Air       100%       1d9       0%          1
 Searing Ray              Conj           100%       2d8       0%          2
 Static Discharge         Conj/Air       100%       3-16/arc  0%          2
 Wereblood                Tmut           100%       N/A       0%          2
 Airstrike                Air            79%        0-24+     0%          4
 Foxfire                  Conj/Fire      100%       2x1d9     1%          1
 Freeze                   Ice            100%       1d11      1%          1
 Necrotise                Necr           100%       1d9       1%          1
 Sandblast                Erth           68%        2d15      1%          1
 Slow                     Hex            100%       N/A       1%          1
 Sting                    Tmut/Pois      100%       1d8       1%          1
 Summon Small Mammal      Summ           100%       N/A       1%          1
 Blink                    Tloc           100%       N/A       1%          2
 Passwall                 Tmut/Erth      76%        N/A       1%          2
 Poisonous Vapours        Pois/Air       100%       N/A       1%          2
 Conjure Flame            Conj/Fire      92%        6-21      1%          3
 Dazzling Flash           Conj/Hex       100%       N/A       1%          3
 Gell's Gravitas          Tloc           98%        N/A       1%          3
 Ignite Poison            Fire/Tmut/Pois 78%        N/A       1%          3
 Lesser Beckoning         Tloc           98%        N/A       1%          3
 Mephitic Cloud           Conj/Pois/Air  100%       N/A       1%          3
 Portal Projectile        Hex/Tloc       100%       N/A       1%          3
 Spider Form              Tmut/Pois      92%        N/A       1%          3
 Stone Arrow              Conj/Erth      100%       3d13      1%          3
 Teleport Other           Tloc           98%        N/A       1%          3
 Corpse Rot               Necr/Pois/Air  100%       N/A       1%          4
 Flame Wave               Conj/Fire      92%        2d16      1%          4
 Fulminant Prism          Conj/Hex       46%        3d21      1%          4
 Hailstorm                Conj/Ice       92%        3d18      1%          4
 Ice Form                 Ice/Tmut       92%        N/A       1%          4
 Iskenderun's Mystic Bla  Conj/Tloc      100%       2d19      1%          4
 Petrify                  Tmut/Erth      92%        N/A       1%          4
 Sticky Flame             Conj/Fire      92%        2d10      1%          4
 Summon Lightning Spire   Summ/Air       100%       N/A       1%          4
 Alistair's Intoxication  Tmut/Pois      61%        N/A       1%          5
 Blade Hands              Tmut           61%        N/A       1%          5
 Fireball                 Conj/Fire      46%        3d18      1%          5
 Freezing Cloud           Conj/Ice/Air   66%        6-21      1%          5
 Irradiate                Conj/Tmut      61%        3d33      1%          5
 Iskenderun's Battlesphe  Conj           100%       2d15      1%          5
 Yara's Violent Unravell  Hex/Tmut       46%        3d18      1%          5
 Call Imp                 Summ           34%        N/A       2%          2
 Ensorcelled Hibernation  Hex/Ice        68%        N/A       2%          2
 Scorch                   Fire           68%        2d8       2%          2
 Sublimation of Blood     Necr           34%        N/A       2%          2
 Dispersal                Tloc           49%        N/A       4%          6
 Call Canine Familiar     Summ           34%        N/A       5%          3
 Confusing Touch          Hex            34%        N/A       5%          3
 Frozen Ramparts          Ice            68%        1d8       5%          3
 Inner Flame              Hex/Fire       34%        N/A       5%          3
 Ozocubu's Armour         Ice            34%        N/A       5%          3
 Summon Guardian Golem    Hex/Summ       34%        N/A       5%          3
 Tukima's Dance           Hex            34%        N/A       5%          3
 Vampiric Draining        Necr           34%        2d8       5%          3
 Summon Forest            Summ/Tloc      37%        N/A       6%          5
 Eringya's Noxious Bog    Tmut/Pois      46%        N/A       8%          6
 Iron Shot                Conj/Erth      46%        9d9       8%          6
 Starburst                Conj/Fire      46%        6d13      8%          6
 Statue Form              Tmut/Erth      61%        N/A       8%          6
 Anguish                  Hex/Necr       17%        N/A       17%         4
 Animate Armour           Summ/Erth      68%        N/A       17%         4
 Animate Dead             Necr           34%        N/A       17%         4
 Cause Fear               Hex            17%        N/A       17%         4
 Dispel Undead            Necr           34%        3d15      17%         4
 Leda's Liquefaction      Hex/Erth       17%        N/A       17%         4
 Olgreb's Toxic Radiance  Pois           34%        N/A       17%         4
 Summon Ice Beast         Ice/Summ       34%        N/A       17%         4
 Agony                    Necr           34%        N/A       43%         5
 Borgnjor's Vile Clutch   Necr/Erth      17%        N/A       43%         5
 Lee's Rapid Deconstruct  Erth           17%        3d11*     43%         5
 Metabolic Englaciation   Hex/Ice        17%        N/A       43%         5
 Summon Mana Viper        Hex/Summ       34%        N/A       43%         5
 Death Channel            Necr           17%        N/A       95%         6
 Simulacrum               Ice/Necr       17%        N/A       95%         6
 Summon Cactus Giant      Summ           17%        N/A       95%         6
 Dragon Form              Tmut           61%        N/A       1%          7
 Orb of Destruction       Conj           61%        9d15      1%          7
 Spellforged Servitor     Conj/Summ      46%        N/A       38%         7
 Chain Lightning          Conj/Air       77%        3d102     52%         9
 Malign Gateway           Summ/Tloc      37%        N/A       88%         7
 Disjunction              Tloc           49%        N/A       88%         8
 Lehudib's Crystal Spear  Conj/Erth      46%        10d11     97%         8
 Necromutation            Tmut/Necr      46%        N/A       97%         8
 Enfeeble                 Hex            17%        N/A       100%        7
 Haunt                    Necr/Summ      17%        N/A       100%        7
 Monstrous Menagerie      Summ           17%        N/A       100%        7
 Ozocubu's Refrigeration  Ice            17%        4d8       100%        7
 Summon Hydra             Summ           17%        N/A       100%        7
 Borgnjor's Revivificati  Necr           17%        N/A       100%        8
 Discord                  Hex            17%        N/A       100%        8
 Ignition                 Fire           17%        3d7       100%        8
 Infestation              Necr           17%        N/A       100%        8
 Summon Horrible Things   Summ           17%        N/A       100%        8
 Death's Door             Necr           17%        N/A       100%        9
 Dragon's Call            Summ           17%        N/A       100%        9
 Fire Storm               Conj/Fire      46%        8d12      100%        9
 Polar Vortex             Ice            17%        N/A       100%        9
 Shatter                  Erth           17%        3d16*     100%        9


Dungeon Overview and Level Annotations

Branches:
Dungeon (15/15)            Temple (1/1) D:4            Lair (6/6) D:11
 Shoals (4/4) Lair:2        Snake (4/4) Lair:3        Slime (0/5) Lair:6
    Orc (2/2) D:9             Elf (3/3) Orc:2        Vaults (5/5) D:13
  Crypt (3/3) Vaults:3       Tomb (0/3) Crypt:3      Depths (4/4) D:15
    Zot (5/5) Depths:4    Gauntlet (visited)

Altars:
Ashenzari
Cheibriados
Elyvilon
Fedhas
Kikubaaqudgha
Okawaru
Qazlal
Ru
Sif Muna
Trog
Uskayaw
Vehumet
Wu Jian
Xom
Yredelemnul
Zin
The Shining One
Jiyva
Lugonu

Shops:
D:3 (   D:6 (![(   D:8 *   D:9 *   Orc:2 ?![!   Elf:3 *   Snake:1 ?   Snake:3 (
Snake:4 :(   Vaults:3 *   Vaults:4 [   Vaults:5 ?   Depths:1 ?((   Depths:3 (

Portals:
Hell: Depths:1 Depths:2 Depths:3 Depths:4
Abyss: Lair:1 Lair:6 Depths:1 Depths:3
Pandemonium: Depths:2

Annotations:
D:8 exclusion: ice statue
Lair:2 2 transporters, Gicidat's ghost, journeyman MiFi
Snake:2 2 transporters, Kovve's ghost, adept HuCj
Elf:2 3 runed translucent doors
Elf:3 1 runed translucent door, Sapher's ghost, adept SpEn
Depths:1 1 runed translucent door


Innate Abilities, Weirdness & Mutations

You are too large for most types of armour.
You have tough skin. (AC +1)
You are partially covered in iridescent scales. (AC +2)
You are clumsy. (Dex -2)
You are strong-willed. (Will+)
Your natural rate of healing is unusually fast.


Message History

You feel your magic capacity decrease.
You feel strangely numb.
There is a stone staircase leading up here.
You fly upwards.
There is a stone staircase leading down here.
You see here a +0 scimitar.
An Orb Guardian comes into view.
You blast the Orb Guardian!!!!
You kill the Orb Guardian!
Sif Muna accepts your kill.
No target in view!
You see here a +0 robe.
A Tzitzimitl comes into view.
There is an open door here.
Aiming: Blinkbolt
Press: ? - help, Dir - move target, f - Tzitzimitl
Aim: a Tzitzimitl (water, 90% to hit)
The shock of your passage hits the Tzitzimitl!!
The Tzitzimitl resists.
The Tzitzimitl is moderately wounded.
You blink.
The Tzitzimitl completely misses you.
The Tzitzimitl bites you but does no damage.
You blast the Tzitzimitl!!!!
You kill the Tzitzimitl!
Sif Muna accepts your kill.
Your Stealth skill increases to level 8!
No target in view!
There is a staircase leading out of the dungeon here.
Okay, then.
You start waiting.
You feel energetic enough to blinkbolt again.
Unknown command.
You start waiting.
Your transformation is almost over.
Your transformation has ended.
Your staff of air unmelds from your body.
Your +1 cloak unmelds from your body.
The +3 hat of Pondering {ponderous, Will+ MP+10 Int+5} unmelds from your body.
Your +2 robe of the Archmagi unmelds from your body.
You feel rather ponderous.
You feel powerful.
You have escaped!

###########.#.#####.####.#
#. ##.#.#####.####.# #.
#........#...##.# #.
#.##.###.#.#.##.# #.
#.##########.##.# #.
#.#≈≈≈#≈#≈.'.##.####.
#.#≈##≈#≈######.##...
#.#≈≈#≈#≈######.##.##
#.'≈@#≈#≈≈.#....##.#
###≈≈≈≈###.#######.#
#≈##≈#.#.# #.#
#≈≈≈≈#...#######.#
######'###.....#.# #
#.##..######.#.# #
#.##..### #.#.## #
#.##....# #.#..# #
#.###.#.# #.##.#


There were no monsters in sight!

Vanquished Creatures
  5 dread liches
  8 ancient liches
  3 orbs of fire (Zot:5)
  Josephina (Zot:1)
  4 Killer Klowns
  A curse toe (Zot:3)
  A caustic shrike (Depths:2)
  Jory (Vaults:3)
  A golden dragon (Depths:3)
  A bone dragon (Depths:4)
  2 Tzitzimimeh
  2 hellephants
  An electric golem (Zot:5)
  9 tentacled monstrosities
  A Brimstone Fiend (Depths:3)
  2 walking earthen tomes (Depths:3)
  Rupert (Snake:1)
  5 titans (Vaults:5)
  A searing wretch (Zig:5)
  A walking divine tome (Depths:3)
  3 deep elf master archers (Elf:3)
  Asterion (Vaults:2)
  4 acid blobs
  2 quicksilver dragons
  2 deep elf blademasters (Elf:3)
  24 Orb Guardians
  6 liches
  Frances (Elf:1)
  6 ancient champions
  12 sphinxes
  3 death cobs
  Roxanne (D:15)
  Polyphemus (Shoals:2)
  A thorn hunter (Snake:1)
  7 tengu reavers
  2 shadow dragons (Vaults:5)
  Donald (Shoals:3)
  6 storm dragons
  3 revenants (Crypt:3)
  10 nagarajas
  A draconian monk (Zot:5)
  6 azure jellies (Depths:4)
  9 deep elf sorcerers
  2 rockslimes (Depths:4)
  2 draconian knights
  An emperor scorpion (Zig:8)
  2 iron dragons
  8 frost giants
  2 spectral caustic shrikes (Crypt:3)
  11 fire giants
  2 orc warlords
  Aizul (Lair:3)
  6 draconian shifters
  2 balrugs (Zig:5)
  15 vault wardens
  4 ghouls (Crypt:2)
  8 deep elf elementalists (Elf:3)
  6 ghost moths
  11 ironbound preservers
  3 draconian scorchers
  2 draconian annihilators (Zot:5)
  6 quicksilver oozes (Depths:4)
  9 ironbound thunderhulks
  4 curse skulls
  A war gargoyle (Vaults:3)
  A draconian stormcaller (Zot:5)
  3 spriggan defenders (Depths:2)
  47 very ugly things
  9 vampire knights
  8 stone giants
  Nessos (D:12)
  4 deep elf demonologists (Elf:3)
  A lorocyproca (Depths:2)
  3 black draconians
  6 yellow draconians
  9 red draconians
  5 white draconians
  8 green draconians
  3 purple draconians
  A minotaur (Gauntlet)
  11 deep elf annihilators
  16 dire elephants
  3 spark wasps (Depths:1)
  4 entropy weavers
  A blizzard demon (Depths:1)
  4 deep elf death magi
  6 ettins
  3 eidola
  7 jiangshi
  7 merfolk impalers
  5 fire dragons
  A shambling mangrove (Zig:4)
  A spectral spriggan (Crypt:3)
  8 merfolk javelineers
  9 great orbs of eyes
  11 ice dragons
  34 vault guards
  9 deep elf high priests
  Fannar (D:11)
  6 boulder beetles
  3 ogre magi
  4 spriggan air magi
  17 yaktaur captains
  A merfolk avatar (Shoals:4)
  2 salamander tyrants
  A ghost crab (Zig:4)
  A hell beast (Zot:1)
  9 hydras
  13 centaur warriors
  A peacekeeper (Vaults:3)
  18 anacondas
  2 catoblepae
  3 ironbound frosthearts
  An alligator snapping turtle (Shoals:3)
  5 death knights
  A satyr (Shoals:2)
  An Orb Guardian zombie (Crypt:3)
  6 merfolk aquamancers
  14 naga warriors
  18 death yaks
  3 alligators (Snake:1)
  11 two-headed ogres
  7 deep troll earth magi
  15 dancing weapons
  3 spriggan berserkers
  5 tengu warriors
  5 deep troll shamans
  A hell hog (Depths:4)
  12 naga sharpshooters
  11 vampire magi
  2 thrashing horrors (Lair:6)
  5 orc high priests (Orc:2)
  A shock serpent (shapeshifter) (Depths:2)
  12 hell knights
  8 shock serpents
  7 deep elf knights
  5 soul eaters
  4 salamander mystics
  6 iron trolls
  A pharaoh ant (Zig:8)
  A titan skeleton (Crypt:1)
  11 sun demons
  A bunyip zombie (Crypt:3)
  3 sixfirhies
  25 skeletal warriors
  A storm dragon zombie (Crypt:2)
  15 shadow wraiths
  A golden dragon zombie (Depths:2)
  15 sea snakes
  A steelbarb worm (Zig:8)
  5 glowing orange brains
  3 bog bodies (Crypt:2)
  An orb spider (Zig:7)
  A kraken simulacrum (Shoals:4)
  30 phantasmal warriors
  7 deep elf archers
  19 ironbound convokers
  12 wizards
  3 flayed ghosts (Crypt:3)
  A shadow demon (Zot:5)
  9 necromancers
  48 deep trolls
  6 naga ritualists
  An orange crystal statue (Crypt:1)
  4 swamp dragons (Snake:1)
  26 mana vipers
  12 harpies
  11 lindwurms
  15 orc knights
  19 deep elf pyromancers
  2 orc sorcerers (D:9)
  19 deep elf zephyrmancers
  A goliath frog zombie (Crypt:2)
  40 ugly things
  A stone giant zombie (Crypt:1)
  4 wolf spiders
  4 fauns
  A cyclops (shapeshifter) (D:15)
  2 shining eyes (Depths:4)
  2 large abominations (Lair:6)
  A frost giant zombie (Depths:2)
  14 moths of wrath
  11 cyclopes
  18 manticores
  23 salamanders
  A goliath frog skeleton (Crypt:3)
  10 merfolk sirens
  17 elephants
  4 molten gargoyles (Elf:2)
  14 vault sentinels
  2 human skeletons
  An eye of devastation (Zig:3)
  2 frost giant skeletons
  A rust devil (Depths:2)
  45 black mambas
  9 guardian serpents
  A torpor snail (Lair:6)
  6 smoke demons
  16 naga magi
  A gargoyle (D:13)
  2 storm dragon simulacra
  12 cane toads
  12 water nymphs
  3 orange demons (Depths:2)
  Maggie (D:9)
  An efreet (D:15)
  3 komodo dragons
  Psyche (D:8)
  2 unseen horrors
  A demonic crawler (Zig:7)
  4 guardian mummies (Crypt:3)
  A yaktaur (shapeshifter) (Vaults:5)
  32 yaktaurs
  A rime drake (Lair:3)
  A queen bee (shapeshifter) (Vaults:5)
  A hydra zombie (Crypt:2)
  A tormentor (Zot:5)
  9 freezing wraiths
  2 tengu conjurers
  A hellwing (D:9)
  A red devil (Zot:3)
  A death yak skeleton (Crypt:3)
  2 ice devils
  A yaktaur skeleton (Vaults:3)
  41 merfolk
  2 ancient zymes (Lair:6)
  2 polar bears
  3 meliai (D:15)
  2 shadow dragon simulacra
  2 tyrant leeches (Snake:1)
  A queen bee (Lair:2)
  4 trolls
  3 wind drakes (shapeshifter)
  19 blink frogs
  7 wind drakes
  5 hornets
  A tarantella (Zig:8)
  11 dream sheep
  33 slime creatures
  A radroach zombie (Crypt:2)
  A stone giant simulacrum (Vaults:3)
  17 flying skulls
  4 air elementals
  A culicivora (Zig:8)
  7 snapping turtles
  17 shadows
  A spriggan (shapeshifter) (Depths:2)
  14 wraiths
  A jumping spider (Zig:7)
  2 vampires
  An alligator skeleton (Crypt:1)
  An ettin skeleton (Vaults:4)
  An ice dragon skeleton (Crypt:2)
  11 water elementals
  A culicivora (shapeshifter) (D:13)
  A ynoxinul (Lair:6)
  76 yaks
  4 spriggans
  4 wyverns
  3 fire elementals
  A human (D:13)
  10 basilisks
  A human (shapeshifter) (D:15)
  An elf skeleton (Vaults:4)
  12 vampire mosquitoes
  A neqoxec (Depths:2)
  A hog (shapeshifter) (D:12)
  5 redbacks
  A steam dragon (D:6)
  A yellow draconian simulacrum (Zot:1)
  5 chaos spawn
  44 nagas
  3 wargs
  4 swamp worms (Snake:1)
  22 water moccasins
  A floating eye (shapeshifter) (Depths:4)
  A demonspawn skeleton (Crypt:2)
  3 ice beasts
  3 floating eyes
  2 swamp drakes (Snake:1)
  A sky beast (D:8)
  3 black bears
  A lindwurm zombie (Crypt:3)
  40 orc warriors
  4 ogres
  A hornet zombie (Crypt:3)
  22 wolves
  A manticore skeleton (Crypt:1)
  6 centaurs
  7 kobold brigands
  Blork the orc (D:5)
  7 bullfrogs
  6 necrophages
  2 gnoll sergeants
  2 scorpions
  12 wights
  A queen bee zombie (Crypt:1)
  33 killer bees
  A floating eye simulacrum (Depths:2)
  A shapeshifter skeleton (Crypt:3)
  3 howler monkeys
  An electric eel (Lair:6)
  A lava snake (Elf:2)
  11 small abominations (Lair:6)
  4 hounds
  28 orc priests
  4 jellies
  A bullfrog skeleton (Crypt:1)
  10 iguanas
  2 basilisk skeletons
  18 orc wizards
  6 hell rats (Lair:5)
  Terence (D:2)
  13 gnolls
  6 adders
  3 shadow imps (Gauntlet)
  2 white imps (Gauntlet)
  2 ufetubi
  An iguana skeleton (Crypt:3)
  A worm (shapeshifter) (Vaults:5)
  2 worms (D:2)
  3 dart slugs
  106 orcs
  11 endoplasms
  2 giant cockroaches
  10 hobgoblins
  2 jackals (D:3)
  38 kobolds
  4 quokkas
  3 ball pythons
  9 bats
  A frilled lizard (D:1)
  5 goblins
  2 rats
  A lurking horror (Lair:1)
  A plant (Crypt:2)
2345 creatures vanquished.

Vanquished Creatures (collateral kills)
  A ball lightning (Vaults:5)
1 creature vanquished.

Vanquished Creatures (others)
  A lich (Zot:1)
  A lindwurm (Vaults:2)
  A large abomination (Zot:1)
  A bloated husk (Zig:4)
  A hornet (Zig:4)
  A golden eye (Depths:4)
  A green draconian simulacrum (Zot:1)
  A small abomination (Depths:1)
  An orc wizard (Orc:2)
  An orc (Orc:1)
  78 ball lightnings
  4 briar patches (Snake:1)
  27 fungi
  107 plants
  4 tentacles (Shoals:4)
230 creatures vanquished.

Grand Total: 2576 creatures vanquished

Notes
Turn   | Place    | Note
-------+----------+-------------------------------------------
     0 | D:1      | Ajdolov the Ogre Air Elementalist began the quest for the
                  | Orb.
     0 | D:1      | Reached XP level 1. HP: 16/16 MP: 3/3
    49 | D:1      | Reached skill level 1 in Conjurations
   511 | D:1      | Reached XP level 2. HP: 24/24 MP: 0/5
  1161 | D:2      | Identified the ring of the Bull {rPois rF- rC+ rN+}
  1327 | D:2      | Learned a level 2 spell: Static Discharge
  1370 | D:2      | Reached XP level 3. HP: 31/31 MP: 2/6
  2124 | D:2      | Noticed Terence
  2318 | D:2      | Reached XP level 4. HP: 38/39 MP: 3/7
  2658 | D:2      | Killed Terence
  2866 | D:3      | Reached XP level 5. HP: 45/45 MP: 8/8
  3230 | D:3      | Found Joozodgh's Antique Weapon Boutique.
  3694 | D:3      | Identified a scroll of acquirement
  3696 | D:3      | Acquired a staff of air
  4029 | D:4      | Learned a level 4 spell: Airstrike
  4065 | D:4      | Noticed a black bear
  4118 | D:4      | Noticed an ogre
  4119 | D:4      | Reached skill level 5 in Air Magic
  4333 | D:4      | Reached XP level 6. HP: 47/53 MP: 4/9
  4984 | D:4      | Found a staircase to the Ecumenical Temple.
  5049 | Temple   | Entered the Ecumenical Temple
  5113 | Temple   | Became a worshipper of Sif Muna the Loreminder
  5397 | D:4      | Reached skill level 1 in Invocations
  5744 | D:4      | Killed a black bear
  5745 | D:4      | Reached XP level 7. HP: 59/59 MP: 1/10
  5835 | D:4      | Learned a level 3 spell: Swiftness
  5887 | D:5      | Entered Level 5 of the Dungeon
  5992 | D:5      | Reached skill level 1 in Fighting
  6092 | D:5      | Noticed Blork the orc
  6104 | D:5      | Reached skill level 2 in Fighting
  6172 | D:5      | Killed Blork the orc
  6391 | D:5      | Reached XP level 8. HP: 74/74 MP: 6/11
  6540 | D:5      | Reached skill level 3 in Fighting
  7524 | D:6      | Reached * piety under Sif Muna
  7730 | D:6      | Found a shimmering altar of Xom.
  7736 | D:6      | Reached skill level 4 in Fighting
  7836 | D:6      | Found Aqet's Antique Weapon Shop.
  8375 | D:6      | Reached XP level 9. HP: 64/87 MP: 8/15
  8495 | D:6      | Found Dajous's Distillery.
  8504 | D:6      | Reached skill level 5 in Fighting
  8521 | D:6      | Bought 2 potions of heal wounds for 110 gold pieces
  8521 | D:6      | Bought a potion of curing for 33 gold pieces
  8655 | D:6      | Found Tauwk's Weapon Shoppe.
  8806 | D:6      | Found Degekheo's Antique Armour Boutique.
  9100 | D:7      | Reached skill level 5 in Spellcasting
  9100 | D:7      | Reached skill level 5 in Invocations
  9511 | D:7      | Reached ** piety under Sif Muna
  9687 | D:7      | Reached skill level 6 in Fighting
 10207 | D:8      | Found Olijatisch's Neck Hole.
 10341 | D:8      | Noticed Psyche
 10761 | D:8      | Noticed an ice statue
 11235 | D:8      | Reached skill level 7 in Fighting
 11619 | D:8      | Killed Psyche
 11620 | D:8      | Reached XP level 10. HP: 94/104 MP: 0/17
 11853 | D:9      | Reached skill level 8 in Fighting
 12281 | D:9      | Reached *** piety under Sif Muna
 12842 | D:9      | Found Uwacudon's General Store.
 12850 | D:9      | Bought a scroll of fog for 28 gold pieces
 12850 | D:9      | Bought a wand of charming (4) for 84 gold pieces
 12850 | D:9      | Bought 3 scrolls of identify for 84 gold pieces
 12904 | D:9      | Found an ornate altar of the Wu Jian Council.
 12983 | D:9      | Found a stormy altar of Qazlal.
 13004 | D:9      | Reached skill level 5 in Conjurations
 13367 | D:9      | Noticed a two-headed ogre
 13382 | D:9      | Killed a two-headed ogre
 13624 | D:9      | Noticed Maggie
 13628 | D:9      | Killed Maggie
 13822 | D:9      | Found a hide-covered altar of Uskayaw.
 13885 | D:9      | Reached XP level 11. HP: 100/111 MP: 12/21
 14019 | D:9      | Found a broken altar of Ashenzari.
 14019 | D:9      | Found a basalt altar of Yredelemnul.
 14026 | D:9      | Found a glowing golden altar of the Shining One.
 14160 | D:9      | Found a staircase to the Orcish Mines.
 14264 | D:10     | Entered Level 10 of the Dungeon
 14272 | D:10     | Noticed a two-headed ogre
 14672 | D:10     | Reached **** piety under Sif Muna
 14848 | D:10     | Reached skill level 9 in Fighting
 15148 | D:10     | Killed a two-headed ogre
 15167 | D:10     | Reached skill level 10 in Fighting
 15898 | D:10     | Found a bloodstained altar of Trog.
 16187 | D:11     | Noticed a two-headed ogre
 16192 | D:11     | Killed a two-headed ogre
 16342 | D:11     | Noticed Fannar
 16350 | D:11     | Killed Fannar
 16351 | D:11     | Reached skill level 10 in Air Magic
 16640 | D:11     | Found a staircase to the Lair.
 16641 | D:11     | Noticed a four-headed hydra
 16654 | D:11     | Killed a four-headed hydra
 16778 | D:11     | Found a portal to a secret trove of treasure.
 16913 | D:11     | Noticed a manticore
 16964 | D:11     | Killed a manticore
 17175 | Lair:1   | Entered Level 1 of the Lair of Beasts
 17195 | Lair:1   | Found a one-way gate to the infinite horrors of the Abyss.
 17197 | Lair:1   | Found a corrupted altar of Lugonu.
 17482 | Lair:1   | Reached XP level 12. HP: 126/126 MP: 12/25
 18205 | Lair:1   | Identified the +2 rapier of Gallantry {vorpal, rPois Will-
                  | Str+3 Int+4}
 19056 | Lair:1   | Reached skill level 10 in Spellcasting
 19264 | Lair:2   | Reached ***** piety under Sif Muna
 19620 | Lair:2   | Received a gift from Sif Muna
 19697 | Lair:2   | Got Sif Muna's Volume of Evil Ice {god gift}
 19845 | Lair:2   | Noticed Gicidat's ghost (journeyman MiFi)
 19853 | Lair:2   | Found a bloodstained altar of Trog.
 20227 | Lair:2   | Found a staircase to the Shoals.
 20875 | Lair:2   | Found a transporter.
 20880 | Lair:2   | Found a transporter.
 21382 | Lair:3   | Reached skill level 1 in Transmutations
 21595 | Lair:3   | Reached XP level 13. HP: 113/133 MP: 11/28
 21926 | Lair:3   | Found a staircase to the Snake Pit.
 23903 | Lair:4   | Reached skill level 5 in Dodging
 24522 | Lair:4   | Received a gift from Sif Muna
 24528 | Lair:4   | Got Vewodwen's Catalogue of Shape Shifting and Necromancy
                  | {god gift}
 24537 | Lair:4   | Learned a level 7 spell: Storm Form
 24654 | Lair:4   | Reached skill level 5 in Transmutations
 27070 | Lair:4   | Reached XP level 14. HP: 143/143 MP: 21/30
 27517 | Lair:4   | Reached skill level 1 in Unarmed Combat
 28372 | Lair:6   | Entered Level 6 of the Lair of Beasts
 29268 | Lair:6   | Gained mutation: Your spells are a little easier to cast,
                  | but a little less powerful. [mutagenic glow]
 29354 | Lair:6   | Lost mutation: Your spells are a little easier to cast, but
                  | a little less powerful. [potion of mutation]
 29354 | Lair:6   | Gained mutation: You are frail. (-10% HP) [potion of
                  | mutation]
 29354 | Lair:6   | Gained mutation: You expend magic power (3 MP) to
                  | strengthen your wands. [potion of mutation]
 29354 | Lair:6   | Gained mutation: Your muscles are strong. (Str +4, Int/Dex
                  | -1) [potion of mutation]
 29355 | Lair:6   | Lost mutation: You are frail. (-10% HP) [potion of
                  | mutation]
 29355 | Lair:6   | Lost mutation: Your muscles are strong. (Str +4, Int/Dex
                  | -1) [potion of mutation]
 29355 | Lair:6   | Gained mutation: You have a somewhat thin skeletal
                  | structure. (Dex +2, Stealth+) [potion of mutation]
 29355 | Lair:6   | Gained mutation: You have hidden genetic potential. [potion
                  | of mutation]
 29618 | Lair:6   | Received a gift from Sif Muna
 29622 | Lair:6   | Reached skill level 10 in Transmutations
 29653 | Lair:6   | Got Sif Muna's Advanced Theurgy {god gift}
 29672 | Lair:6   | Reached skill level 5 in Unarmed Combat
 30072 | Lair:6   | Found a staircase to the Slime Pits.
 30072 | Lair:6   | Found a viscous altar of Jiyva.
 30276 | Lair:6   | Reached XP level 15. HP: 123/149 MP: 17/31
 30333 | Lair:6   | Identified the +1 ring mail of Filth {Str+6}
 30414 | Lair:6   | Paralysed by you for 5 turns
 30435 | Lair:6   | Found a corrupted altar of Lugonu.
 30852 | D:12     | Found a broken altar of Ashenzari.
 31086 | Orc:1    | Entered Level 1 of the Orcish Mines
 31086 | Orc:1    | Noticed an orc warlord
 31086 | Orc:1    | Found a bloodstained altar of Trog.
 31100 | D:9      | Killed an orc warlord
 31599 | Orc:1    | Received a gift from Sif Muna
 31922 | Orc:2    | Entered Level 2 of the Orcish Mines
 32222 | Orc:2    | Reached skill level 1 in Translocations
 32286 | Orc:2    | Learned a level 1 spell: Apportation
 32637 | Orc:2    | Received a gift from Sif Muna
 32639 | Orc:2    | Got Sif Muna's Catalogue of Weightlessness and the Blaze
                  | {god gift}
 32855 | Orc:2    | Learned a level 6 spell: Conjure Ball Lightning
 32924 | Orc:2    | Gained mutation: You are resistant to electric shocks.
                  | (rElec) [hidden potential]
 33624 | Orc:2    | Reached skill level 11 in Fighting
 34033 | Orc:2    | Found a staircase to the Elven Halls.
 34172 | Orc:2    | Found Valuunk's Magic Scroll Shop.
 34175 | Orc:2    | Found Zeblaront's Armour Boutique.
 34176 | Orc:2    | Found Tolabbof's Distillery.
 34177 | Orc:2    | Found Gemnizokh's Distillery.
 34180 | Orc:2    | Bought a potion of heal wounds for 60 gold pieces
 34180 | Orc:2    | Bought a potion of heal wounds for 60 gold pieces
 34180 | Orc:2    | Bought a potion of mutation for 96 gold pieces
 34183 | Orc:2    | Bought a potion of mutation for 136 gold pieces
 34184 | Orc:2    | Bought a scroll of identify for 34 gold pieces
 34184 | Orc:2    | Bought a scroll of blinking for 127 gold pieces
 34184 | Orc:2    | Bought 3 scrolls of poison for 178 gold pieces
 34266 | Orc:2    | Learned a level 5 spell: Lightning Bolt
 34747 | D:12     | Noticed Nessos
 34750 | D:12     | Killed Nessos
 35087 | D:13     | You are sucked into a shaft and drop 1 floor!
 35093 | D:14     | Found a gate leading to a gauntlet.
 35103 | Gauntlet | Entered a Gauntlet
 35103 | Gauntlet | Found a transporter.
 35103 | Gauntlet | Found a transporter.
 35128 | Gauntlet | Found a transporter.
 35131 | Gauntlet | Found a transporter.
 35170 | Gauntlet | Found a transporter.
 35178 | Gauntlet | Found a transporter.
 35182 | Gauntlet | Found a transporter.
 35190 | Gauntlet | Found a transporter.
 35240 | Gauntlet | Found a transporter.
 35257 | Gauntlet | Found a transporter.
 35258 | Gauntlet | Found a transporter.
 35258 | Gauntlet | Found the +3 pair of gauntlets of War {Slay+5}
 35268 | Gauntlet | Found a transporter.
 35460 | Gauntlet | Learned a level 5 spell: Manifold Assault
 35674 | Gauntlet | Identified the +2 dagger "Luus" {freeze, Fly}
 35691 | Gauntlet | Got Sif Muna's Almanac of the Volcanoes and Transmutation
 35903 | D:14     | Reached skill level 12 in Fighting
 36428 | D:14     | Received a gift from Sif Muna
 36517 | D:14     | Got Xokhya's Tome of Feathery Transformation {god gift}
 36847 | D:15     | Entered Level 15 of the Dungeon
 36859 | D:15     | Reached XP level 16. HP: 166/166 MP: 15/32
 36988 | D:15     | Identified the +5 rapier "Concordance" {vorpal, *Slow Fly
                  | Int+3}
 37696 | D:15     | Noticed Roxanne
 37707 | D:15     | Killed Roxanne
 37708 | D:15     | Reached skill level 5 in Translocations
 37720 | D:15     | Reached skill level 13 in Fighting
 38145 | D:15     | Gained mutation: You are partially covered in iridescent
                  | scales. (AC +2) [hidden potential]
 38145 | D:15     | Lost mutation: You have hidden genetic potential. [hidden
                  | potential expressed]
 38657 | D:15     | Found a staircase to the Depths.
 38813 | D:13     | Found the ring of the Hare {EV+8}
 39411 | D:13     | Received a gift from Sif Muna
 39420 | D:13     | Got Jorukk's Disquisition on Harmful Air {god gift}
 39679 | D:13     | Gained mutation: You occasionally lose the ability to read
                  | scrolls when taking damage. [mutagenic glow]
 39690 | D:13     | Gained mutation: You are frail. (-10% HP) [mutagenic glow]
 39771 | D:13     | Lost mutation: You have a somewhat thin skeletal structure.
                  | (Dex +2, Stealth+) [potion of mutation]
 39771 | D:13     | Lost mutation: You are frail. (-10% HP) [potion of
                  | mutation]
 39771 | D:13     | Gained mutation: Potions are less effective at restoring
                  | your health. [potion of mutation]
 39772 | D:13     | Lost mutation: You occasionally lose the ability to read
                  | scrolls when taking damage. [potion of mutation]
 39772 | D:13     | Lost mutation: You are partially covered in iridescent
                  | scales. (AC +2) [potion of mutation]
 39772 | D:13     | Lost mutation: Potions are less effective at restoring your
                  | health. [potion of mutation]
 39772 | D:13     | Gained mutation: You sometimes lose your temper in combat.
                  | [potion of mutation]
 39772 | D:13     | Gained mutation: You are weak. (Str -2) [potion of
                  | mutation]
 39772 | D:13     | Gained mutation: You are partially covered in large bone
                  | plates. (SH +4) [potion of mutation]
 39773 | D:13     | Lost mutation: You are resistant to electric shocks.
                  | (rElec) [potion of mutation]
 39773 | D:13     | Lost mutation: You expend magic power (3 MP) to strengthen
                  | your wands. [potion of mutation]
 39773 | D:13     | Lost mutation: You sometimes lose your temper in combat.
                  | [potion of mutation]
 39773 | D:13     | Gained mutation: You occasionally lose the ability to drink
                  | potions when taking damage. [potion of mutation]
 40167 | D:13     | Paralysed by an ogre mage for 5 turns
 40185 | D:13     | Reached skill level 14 in Fighting
 40245 | D:13     | Found a gate to the Vaults.
 40658 | Shoals:1 | Entered Level 1 of the Shoals
 40683 | Shoals:1 | Reached skill level 10 in Unarmed Combat
 41820 | Shoals:2 | Noticed Polyphemus
 42359 | Shoals:2 | Reached XP level 17. HP: 182/182 MP: 4/33
 42868 | Shoals:2 | Received a gift from Sif Muna
 42870 | Shoals:2 | Reached skill level 15 in Fighting
 42879 | Shoals:2 | Got Sif Muna's Incunabulum of Lightness and the Voyage {god
                  | gift}
 43105 | Shoals:2 | Killed Polyphemus
 44137 | Shoals:3 | Noticed Donald
 44144 | Shoals:3 | Killed Donald
 44952 | Snake:1  | Entered Level 1 of the Snake Pit
 44972 | Snake:1  | Reached skill level 16 in Fighting
 45100 | Snake:1  | Noticed Aizul
 45115 | Lair:3   | Killed Aizul
 45284 | Snake:1  | Received a gift from Sif Muna
 45303 | Snake:1  | Got Sif Muna's Incunabulum of the Wilderness {god gift}
 45729 | Snake:1  | Noticed a tentacled monstrosity
 45768 | Snake:1  | Killed a tentacled monstrosity
 45896 | Snake:1  | Noticed Rupert
 45921 | Snake:1  | Killed Rupert
 45930 | Snake:1  | Reached skill level 17 in Fighting
 45970 | Snake:1  | Reached XP level 18. HP: 145/200 MP: 12/34
 46058 | Snake:1  | Found Dydghis's Magic Scroll Shoppe.
 46249 | Snake:1  | Bought a scroll of blinking for 112 gold pieces
 46249 | Snake:1  | Bought a scroll of teleportation for 45 gold pieces
 46249 | Snake:1  | Bought a scroll of fear for 52 gold pieces
 47086 | Snake:2  | Noticed Kovve's ghost (adept HuCj)
 47086 | Snake:2  | Found a transporter.
 47142 | Snake:2  | Found a transporter.
 47465 | Snake:2  | Received a gift from Sif Muna
 47978 | Snake:2  | Reached skill level 18 in Fighting
 48590 | Snake:3  | Received a gift from Sif Muna
 48596 | Snake:3  | Got Sif Muna's Guide on Ghastly Battle Magic {god gift}
 48736 | Snake:3  | Found Cutuadil's Weapon Shop.
 49318 | Snake:3  | Reached skill level 19 in Fighting
 50078 | Shoals:4 | Entered Level 4 of the Shoals
 50428 | Shoals:4 | Reached XP level 19. HP: 217/217 MP: 27/35
 50821 | Shoals:4 | Received a gift from Sif Muna
 50828 | Shoals:4 | Got Sif Muna's Grimoire of Torrid Malediction {god gift}
 50998 | Shoals:4 | Reached skill level 20 in Fighting
 51081 | Shoals:4 | Reached skill level 1 in Evocations
 51210 | Shoals:4 | Acquired Great Wizards, Vol. VII
 51217 | Shoals:4 | Learned a level 4 spell: Passage of Golubria
 51273 | Shoals:4 | Got a barnacled rune of Zot
 51598 | Snake:4  | Entered Level 4 of the Snake Pit
 51660 | Snake:4  | Found an ornate altar of the Wu Jian Council.
 51858 | Snake:4  | Reached skill level 15 in Unarmed Combat
 51859 | Snake:4  | Received a gift from Sif Muna
 51884 | Snake:4  | Got Sif Muna's Tome of Lethal Ice {god gift}
 51947 | Snake:4  | Reached skill level 5 in Evocations
 52373 | Snake:4  | Found Ysol Elihy's Book Shoppe.
 52420 | Snake:4  | Found Goomp's Antique Weapon Emporium.
 52817 | Snake:4  | Bought a manual of Evocations for 1360 gold pieces
 53244 | Snake:4  | Got a serpentine rune of Zot
 53669 | Vaults:1 | Entered Level 1 of the Vaults
 53925 | Vaults:1 | Reached XP level 20. HP: 220/228 MP: 30/36
 54021 | Vaults:1 | Reached ****** piety under Sif Muna
 54204 | Vaults:1 | Received a gift from Sif Muna
 54209 | Vaults:1 | Got Sif Muna's Disquisition on Creative Fire {god gift}
 54737 | Vaults:1 | Reached skill level 10 in Evocations
 56416 | Vaults:2 | Found a flickering gateway to a bazaar.
 56428 | Bazaar   | Entered a bazaar
 56428 | Bazaar   | Found Suxoel's Assorted Antiques.
 56428 | Bazaar   | Found Bamaowk's General Store.
 56656 | Bazaar   | Found Vunkaggerch's Jewellery Shop.
 56663 | Bazaar   | Found Padwoest's Magic Scroll Shoppe.
 56705 | Bazaar   | Found Saseov's Weapon Emporium.
 56728 | Bazaar   | Bought a potion of haste for 80 gold pieces
 56728 | Bazaar   | Bought a scroll of teleportation for 24 gold pieces
 56728 | Bazaar   | Bought a potion of curing for 24 gold pieces
 56753 | Bazaar   | Bought a scroll of acquirement for 520 gold pieces
 56754 | Bazaar   | Acquired 451 gold pieces
 56766 | Bazaar   | Bought a potion of heal wounds for 145 gold pieces
 56766 | Bazaar   | Bought a potion of invisibility for 232 gold pieces
 56766 | Bazaar   | Bought a scroll of teleportation for 87 gold pieces
 56945 | Vaults:2 | Received a gift from Sif Muna
 57641 | Vaults:2 | Noticed Asterion
 57671 | Vaults:2 | Killed Asterion
 58032 | Vaults:2 | Reached skill level 15 in Air Magic
 58298 | Vaults:3 | Reached skill level 15 in Transmutations
 58307 | Vaults:3 | Reached XP level 21. HP: 237/237 MP: 14/37
 58419 | Vaults:3 | Found Wociddaf's General Store.
 58450 | Vaults:3 | Received a gift from Sif Muna
 58453 | Vaults:3 | Got Sif Muna's Collected Works on Transformation {god gift}
 58506 | Vaults:3 | Reached skill level 1 in Armour
 58512 | Vaults:3 | Found a staircase to the Crypt.
 60143 | Vaults:3 | Noticed Jory
 60149 | Vaults:3 | Killed Jory
 60325 | Vaults:3 | Identified the +2 robe "Vilanitu" {Will+ rCorr Dex+2
                  | Slay-4}
 60372 | Vaults:2 | Learned a level 5 spell: Silence
 60628 | Vaults:3 | Received a gift from Sif Muna
 60632 | Vaults:3 | Got Sif Muna's Grimoire of the Warped Birds {god gift}
 60879 | Vaults:3 | Identified the +5 robe "Ucoompul" {Int+2}
 60892 | Vaults:3 | Found a radiant altar of Vehumet.
 60931 | Vaults:3 | Identified the +0 hat of Insurance {rN+++ Will- MP-9 Int+6}
 61206 | Vaults:4 | Found Gerphyll's Antique Armour Shop.
 61905 | Vaults:4 | Received a gift from Sif Muna
 61908 | Vaults:4 | Got Sif Muna's Catalogue of Creative Confrontation {god
                  | gift}
 62443 | Vaults:4 | Reached XP level 22. HP: 247/247 MP: 38/38
 63379 | Vaults:5 | Entered Level 5 of the Vaults
 63385 | Vaults:5 | Received a gift from Sif Muna
 63387 | Vaults:5 | Got Sif Muna's Disquisition on the Dark Voyage {god gift}
 63929 | Depths:1 | Entered Level 1 of the Depths
 64001 | Depths:1 | Identified the +4 rapier of Kuginamp {distort, rPois rCorr}
 64158 | Depths:1 | Reached skill level 5 in Armour
 64195 | Depths:1 | Found an ancient bone altar of Kikubaaqudgha.
 64477 | Depths:1 | Found Pecit's Antique Weapon Shop.
 64477 | Depths:1 | Found Tistud's Weapon Boutique.
 64481 | Depths:1 | Found Xoestribi's Magic Scroll Shop.
 64582 | Depths:1 | Bought 2 scrolls of enchant armour for 240 gold pieces
 64582 | Depths:1 | Bought a scroll of teleportation for 48 gold pieces
 64663 | Depths:1 | Found a runed translucent door.
 64663 | Depths:1 | Found a white marble altar of Elyvilon.
 64784 | Depths:1 | Found a gateway to Hell.
 65323 | Depths:2 | Paralysed by a floating eye for 4 turns
 65615 | Depths:2 | Noticed a caustic shrike
 65621 | Depths:2 | Killed a caustic shrike
 66008 | Depths:2 | Received a gift from Sif Muna
 66017 | Depths:2 | Got Xievu's Collected Works on Captivating Poison {god
                  | gift}
 66019 | Depths:2 | Found a one-way gate leading to the halls of Pandemonium.
 66215 | Depths:2 | Acquired the +3 hat of Pondering {ponderous, Will+ MP+10
                  | Int+5}
 66215 | Depths:2 | Found the +3 hat of Pondering {ponderous, Will+ MP+10
                  | Int+5}
 67221 | Depths:3 | Reached XP level 23. HP: 227/254 MP: 21/39
 67428 | Depths:3 | Noticed a golden dragon
 67647 | Depths:3 | Killed a golden dragon
 67855 | Depths:3 | Identified the +7 trident "Onih" {drain, *Rage rC++ rN+}
 68049 | Depths:3 | Found a one-way gateway to a ziggurat.
 68203 | Depths:3 | Found Xiferuvi's Antique Weapon Shop.
 68503 | Depths:4 | Entered Level 4 of the Depths
 68521 | Depths:4 | Received a gift from Sif Muna
 68558 | Depths:4 | Reached skill level 10 in Dodging
 68661 | Depths:4 | Reached skill level 10 in Translocations
 68670 | Depths:4 | Reached skill level 10 in Conjurations
 69149 | Depths:4 | Got Sif Muna's Guide on Creative Moulding {god gift}
 69535 | Depths:4 | Gained mutation: You have sharp fingernails. [a shining
                  | eye]
 69723 | Depths:4 | Found a gate to the Realm of Zot.
 69729 | Depths:4 | Received a gift from Sif Muna
 69747 | Depths:4 | Got Yhucoerch's Papyrus of Contamination and Sinister Magic
                  | {god gift}
 71411 | D:11     | You paid a toll of +6 fire dragon scales to enter a
                  | treasure trove
 71412 | Trove    | Entered a treasure trove
 71419 | Trove    | Identified the +2 hat of Supple Strength {Will+}
 71424 | Trove    | Identified the +6 battleaxe "Vacwom" {speed, rElec MP+9}
 71428 | Trove    | Identified the ring "Juguruant" {Fire Int+3}
 71430 | Trove    | Identified the ring "Kuypheel" {Will+ Int+4}
 71971 | Vaults:5 | Noticed an ancient lich
 71984 | Vaults:5 | Noticed a dread lich
 72151 | Vaults:5 | Reached XP level 24. HP: 160/265 MP: 37/39
 72360 | Vaults:5 | Killed an ancient lich
 72492 | Vaults:5 | Noticed a dread lich
 72506 | Vaults:5 | Killed a dread lich
 72507 | Vaults:5 | Identified the +6 sling "Orb Guardian's Peril" {freeze,
                  | rC+++ rCorr Dex-3}
 72762 | Vaults:5 | Found Caontef's Magic Scroll Boutique.
 72774 | Vaults:5 | Bought a scroll of immolation for 66 gold pieces
 73014 | Vaults:5 | Received a gift from Sif Muna
 73295 | Vaults:5 | Identified the +6 spear "Jang" {vamp, Fragile rN+ Dex+3}
 73411 | Vaults:5 | Identified the +5 trident of Tisul {vorpal, Int+4}
 73411 | Vaults:5 | Noticed a dread lich
 73428 | Vaults:5 | Killed a dread lich
 73452 | Vaults:5 | Killed a dread lich
 73564 | Vaults:5 | Got a silver rune of Zot
 73794 | Vaults:5 | Reached skill level 10 in Armour
 74878 | Vaults:5 | Received a gift from Sif Muna
 75440 | Zig:1    | Entered Level 1 of a ziggurat
 75443 | Zig:1    | Reached skill level 15 in Conjurations
 75458 | Zig:2    | Entered Level 2 of a ziggurat
 75458 | Zig:2    | Noticed a Killer Klown
 75463 | Zig:2    | Killed a Killer Klown
 75550 | Zig:3    | Entered Level 3 of a ziggurat
 75683 | Zig:4    | Entered Level 4 of a ziggurat
 75733 | Zig:5    | Entered Level 5 of a ziggurat
 75934 | Zig:6    | Entered Level 6 of a ziggurat
 75937 | Zig:6    | Noticed an ancient lich
 75937 | Zig:6    | Noticed an ancient lich
 75945 | Zig:6    | Killed an ancient lich
 75946 | Zig:6    | Reached skill level 21 in Fighting
 75947 | Zig:6    | Killed an ancient lich
 75948 | Zig:6    | Reached XP level 25. HP: 254/278 MP: 30/39
 75967 | Zig:6    | Identified the +1 plate armour of Filth {Str+3}
 76040 | Zig:7    | Entered Level 7 of a ziggurat
 76044 | Zig:7    | Found the +10 dark maul {vorpal}
 76064 | Zig:7    | Identified the ring "Wuihoz" {Ice Fly Int+6 Dex-3 SInv}
 76068 | Zig:7    | Identified the amulet of Tuzuwkot {Spirit Drain rC+ rCorr
                  | Dex+9}
 76075 | Zig:7    | Identified the +1 scimitar of Gozag, Keeping {freeze, Str+3
                  | Int+3 Dex+2}
 76210 | Zig:8    | Entered Level 8 of a ziggurat
 76232 | Zig:8    | Identified the +10 great sword "Vuliw" {vorpal, rC+ Dex+4}
 76363 | Zot:1    | Entered Level 1 of the Realm of Zot
 76448 | Zot:1    | Identified the ring of Absolutism {Ice Stlth+}
 76448 | Zot:1    | Noticed Josephina
 76461 | Zot:1    | Killed Josephina
 76891 | Zot:1    | Identified the +4 dagger "Zisin" {antimagic, Int+3}
 77014 | Zot:1    | Reached skill level 22 in Fighting
 77635 | Zot:1    | Received a gift from Sif Muna
 78296 | Zot:5    | Entered Level 5 of the Realm of Zot
 79394 | Elf:1    | Entered Level 1 of the Elven Halls
 80165 | Elf:1    | Noticed Frances
 80169 | Elf:1    | Killed Frances
 80273 | Elf:1    | Received a gift from Sif Muna
 80276 | Elf:1    | Got Sif Muna's Handbook of Mutagenic Ice {god gift}
 80730 | Elf:1    | Found a radiant altar of Vehumet.
 81504 | Elf:2    | Found a runed translucent gate.
 81504 | Elf:2    | Found a runed translucent gate.
 81505 | Elf:2    | Found a runed translucent gate.
 81760 | Elf:3    | Entered Level 3 of the Elven Halls
 81806 | Elf:3    | Found a runed translucent door.
 81806 | Elf:3    | Noticed Sapher's ghost (adept SpEn)
 82001 | Elf:3    | Learned a level 8 spell: Maxwell's Capacitive Coupling
 82003 | Elf:3    | Found Myorom's Assorted Antiques.
 82626 | Elf:3    | Identified the ring "Rotot" {Fly rF+}
 82807 | Elf:3    | Identified the +3 ring mail of the Lobster {rF+}
 82825 | Elf:3    | Identified the +6 bardiche of Lust {venom, Fragile rC+ rN+
                  | Int+4}
 82826 | Elf:3    | Identified the +8 war axe of the Seer {vorpal, rN+ MP-9
                  | Int-5 Dex+6 Stlth+}
 82826 | Elf:3    | Identified the ring "Houpad" {rF+ rCorr Str-4 Int+6 Stlth+}
 82830 | Elf:3    | Received a gift from Sif Muna
 82831 | Elf:3    | Got Sif Muna's Incunabulum of the Captivating Entourage
                  | {god gift}
 83000 | Elf:3    | Reached XP level 26. HP: 231/291 MP: 4/39
 83384 | Elf:3    | Identified the +9 plate armour of Mahain {rF+}
 84836 | Zot:5    | Noticed a dread lich
 84849 | Zot:5    | Killed a dread lich
 85019 | Zot:5    | Noticed an ancient lich
 85032 | Zot:5    | Killed an ancient lich
 85076 | Zot:5    | Noticed a Killer Klown
 85077 | Zot:5    | Noticed an ancient lich
 85077 | Zot:5    | Noticed an orb of fire
 85113 | Zot:5    | Gained mutation: Your spells are a little easier to cast,
                  | but a little less powerful. [an orb of fire]
 85125 | Zot:5    | Killed an ancient lich
 85128 | Zot:5    | Gained mutation: You have sharp toenails. [an orb of fire]
 85129 | Zot:5    | Gained mutation: Your body sometimes deteriorates upon
                  | taking damage. [an orb of fire]
 85848 | Zot:5    | Gained mutation: You have hidden genetic defects. [an orb
                  | of fire]
 85851 | Zot:5    | Killed an orb of fire
 85852 | Zot:5    | Lost mutation: You have sharp fingernails. [potion of
                  | mutation]
 85852 | Zot:5    | Lost mutation: You occasionally lose the ability to drink
                  | potions when taking damage. [potion of mutation]
 85852 | Zot:5    | Gained mutation: You passively map a small area around you.
                  | [potion of mutation]
 85852 | Zot:5    | Gained mutation: Your magical capacity is low. (-10% MP)
                  | [potion of mutation]
 85852 | Zot:5    | Gained mutation: You are dopey. (Int -2) [potion of
                  | mutation]
 85853 | Zot:5    | Lost mutation: Your magical capacity is low. (-10% MP)
                  | [potion of mutation]
 85853 | Zot:5    | Lost mutation: You have hidden genetic defects. [potion of
                  | mutation]
 85853 | Zot:5    | Lost mutation: Your body sometimes deteriorates upon taking
                  | damage. [potion of mutation]
 85853 | Zot:5    | Lost mutation: You are dopey. (Int -2) [potion of mutation]
 85853 | Zot:5    | Gained mutation: Your natural rate of healing is unusually
                  | fast. [potion of mutation]
 85853 | Zot:5    | Gained mutation: You have a beak for a mouth. [potion of
                  | mutation]
 85935 | Zot:5    | Killed a Killer Klown
 85938 | Zot:5    | Lost dexterity.
 86685 | Vaults:3 | Lost mutation: You have sharp toenails. [potion of
                  | mutation]
 86685 | Vaults:3 | Lost mutation: You passively map a small area around you.
                  | [potion of mutation]
 86767 | Vaults:3 | Lost mutation: You have a beak for a mouth. [potion of
                  | mutation]
 86767 | Vaults:3 | Lost mutation: Your spells are a little easier to cast, but
                  | a little less powerful. [potion of mutation]
 86767 | Vaults:3 | Lost mutation: You are partially covered in large bone
                  | plates. (SH +4) [potion of mutation]
 86767 | Vaults:3 | Lost mutation: You are weak. (Str -2) [potion of mutation]
 86767 | Vaults:3 | Gained mutation: You are strong-willed. (Will+) [potion of
                  | mutation]
 86767 | Vaults:3 | Gained mutation: You are partially covered in iridescent
                  | scales. (AC +2) [potion of mutation]
 86904 | Crypt:1  | Entered Level 1 of the Crypt
 87003 | Crypt:1  | Received a gift from Sif Muna
 87007 | Crypt:1  | Got Pessoer's Catalogue of Translocation and Evil {god
                  | gift}
 88027 | Crypt:1  | Identified the ring of Bothryocs {Fly rF+ Int+6}
 89538 | Crypt:2  | Found the +6 Majin-Bo {vamp, MP+6 Int+6}
 89541 | Crypt:2  | Received a gift from Sif Muna
 89542 | Crypt:2  | Reached skill level 5 in Stealth
 89557 | Crypt:2  | Got Sif Muna's Collected Works on Gliding Evil Rituals {god
                  | gift}
 89938 | Crypt:3  | Entered Level 3 of the Crypt
 89967 | Crypt:3  | Noticed an ancient lich
 89973 | Crypt:3  | Killed an ancient lich
 90357 | Crypt:3  | Reached XP level 27. HP: 216/300 MP: 35/39
 90565 | Crypt:3  | Found a staircase to the Tomb.
 90902 | Crypt:3  | Found an ancient bone altar of Kikubaaqudgha.
 91484 | Crypt:3  | Found the +5 demon whip "Spellbinder" {antimagic, Will+}
 91496 | Crypt:3  | Identified the ring of Revisa {+Blink rElec rN+ Will-
                  | rCorr}
 91496 | Crypt:3  | Identified the ring "Xilisch" {+Blink rN+}
 91496 | Crypt:3  | Identified the ring "Konwidd" {rElec rF- rC+ rN+ SInv}
 91518 | Crypt:3  | Identified the +10 dagger of Absolution {freeze, Dex+2}
 92459 | Zot:5    | Noticed an orb of fire
 92463 | Zot:5    | Killed an orb of fire
 92660 | Zot:5    | Noticed a dread lich
 92664 | Zot:5    | Killed a dread lich
 92781 | Zot:5    | Noticed an orb of fire
 92787 | Zot:5    | Gained mutation: You are clumsy. (Dex -2) [an orb of fire]
 92790 | Zot:5    | Noticed an ancient lich
 92792 | Zot:5    | Killed an orb of fire
 92827 | Zot:5    | Killed an ancient lich
 93097 | Zot:5    | Noticed an ancient lich
 93127 | Zot:5    | Killed an ancient lich
 93197 | Zot:5    | Got the Orb of Zot
 93287 | Zot:5    | Noticed Galaehaq the pandemonium lord
 93399 | Zot:1    | Noticed Edweibed the pandemonium lord
 93527 | Depths:3 | Noticed Qukhlic the pandemonium lord
 93573 | Depths:1 | Noticed Iruh Pua the pandemonium lord
 93993 | D:$      | Escaped with the Orb!

Illustrated notes

Levels and vault maps discovered:
D:1:      ncdulo_wetmaze, layout_loops_ring
D:2:      layout_loops_cross, nicolae_titane, uniq_terence
D:3:      layout_loops_ring, serial_shops, nicolae_shop_crystal,
          grunt_ministairs_1
D:4:      layout_loops_corners, minmay_temple_entry_trees, minmay_ruptured
D:5:      layout_gridville, hangedman_decor_riveting,
          eino_small_chamber_without_monster, chequers_serial_rivers_room_b,
          uniq_blork_the_orc
D:6:      layout_rooms, brannock_xom_greatest_gift, serial_shops,
          nicolae_shop_window_shopping, kennysheep_mini,
          nicolae_shop_hallway_stairs,
          nicolae_shop_temple_entry_statues_fountains
D:7:      layout_loops_cross
D:8:      lemuel_ice_statue, layout_loops_cross,
          nicolae_shop_sticking_my_neck_out, uniq_psyche
D:9:      layout_loops_ring, nicolae_overflow_hallway_of_the_gods,
          nicolae_uskayaw_dance_studio, orc_0_dummy, serial_shops, shop,
          roderic_lattice_a, uniq_maggie
D:10:     layout_long_grid, trog_butcher_becter, nicolae_benzene_ring,
          minmay_diced_spiral
D:11:     layout_roguey, nicolae_trove_entry_diagonal, uniq_fannar
D:12:     layout_long_grid, cheibrodos_ashenzari_chains, uniq_nessos
D:13:     layout_cave_pods, grunt_vaults_entry_fortified
D:14:     layout_irregular_city, kennysheep_another_room, gauntlet_entry_generic
D:15:     hangedman_depths_entry_try_elsewhere_first, layout_basic,
          nicolae_cairo_tiling_large, serial_corexii_hall,
          chequers_hall_statues_corner_a, corexii_hall_statues_u, uniq_roxanne
Temple:   eino_temple_water
Lair:1:   layout_concentric_octagons, amcnicky_altar_lugonu_corruption
Lair:2:   layout_roguey [special_room_bee], elwin_shoals_entry_stream,
          gammafunk_ghost_wrathful_warriors
Lair:3:   layout_big_grid, minmay_snake_entry_six_corridors,
          nicolae_lair_run_with_the_wolves
Lair:4:   layout_layer_cave, guppyfry_lair_drakes
Lair:5:   layout_misc_corridors, lemuel_fruit_tree, grunt_megastairs_1,
          lemuel_fruit_fields, lemuel_fruit_fields
Lair:6:   hellmonk_lair_end_abyssal_woods, layout_cave_pods, slime_entry_1,
          hangedman_lair_unloving_vines, infiniplex_staircase_pool_2,
          serial_bayou_shore_a
Shoals:1: layout_shoals, nicolae_shoals_sun_and_surf
Shoals:2: layout_shoals, nicolae_splish_splash, uniq_polyphemus
Shoals:3: layout_shoals, uniq_donald
Shoals:4: shoals_end_grunt_ice, layout_shoals
Snake:1:  onia_ninara_swampy_vault, layout_rooms, serial_shops, shop,
          nicolae_snake_mages_go_home, uniq_rupert, uniq_aizul
Snake:2:  layout_chambers, gammafunk_ghost_arena
Snake:3:  minmay_snake_river, layout_rooms, serial_shops, nicolae_diamond_shop,
          serial_curves, eino_curves_01, eino_curves_04,
          nicolae_snake_salamander_jacuzzi
Snake:4:  grunt_snake_rune_serpentine_throne, layout_misc_corridors,
          basic_altar, minmay_shoptagon
Orc:1:    layout_caves, basic_altar, roderic_batcave
Orc:2:    st_orc_pillars, layout_caves
Elf:1:    layout_loops_corners, basic_altar, minivault_28, solitary_fountain,
          uniq_frances
Elf:2:    elven_hall_of_blades_hangedman_original
          [infiniplex_blade_entry_pillars], layout_rooms, minivault_8,
          lemuel_elevator
Elf:3:    nooodl_elf_gasket, layout_rooms, serial_shops, nicolae_diamond_shop,
          hellmonk_ghost_happy_afterlife
Vaults:1: mu_enter_wizlab_5, hangedman_vaults_hard_town_square, v_pattern_1,
          vaults_room_fancy_cross, ontoclasm_vaults_bender, vaults_dpeg_spiral,
          grunt_vaults_diagonal, vaults_room_grunt_arrival_ludios,
          vaults_room_fours, layout_vaults_omnigrid
Vaults:2: dpeg_vaults_monster_row, ontoclasm_vaults_pinch,
          grunt_vaults_hallway_long, ontoclasm_vaults_fault, v_rooms_2,
          vaults_room_semicircle, hangedman_vaults_restitches,
          hangedman_vaults_maws, v_misc_25, grunt_vaults_hallway_long,
          layout_vaults_omnicross, serial_shops, bzr_entry_water, uniq_asterion
Vaults:3: vaults_room_pool, hangedman_vaults_stagger, grunt_tower_of_power,
          vaults_mumra_minichess_inversion, nicolae_vaults_little_squares_3,
          v_misc_32, nicolae_vaults_network_star, vaults_dpeg_hooks, v_misc_27,
          serial_ice_g, v_misc_25, v_misc_18, nicolae_vaults_little_ls,
          vaults_room_pool, layout_vaults_maze_bifur, blue_anna_dwarven_crypt,
          serial_shops, shop, uniq_jory
Vaults:4: vaults_mumra_hexcomb, nicolae_vaults_what_the_h, v_rooms_4,
          vaults_mumra_chevron, nicolae_vaults_yaktaur_gun_rack,
          v_alt_pattern_1, v_rooms_5, nicolae_vaults_back_hallway, v_misc_30,
          vaults_room_ringed_pool, layout_vaults_omnibox, serial_shops,
          nicolae_shop_temple_entry_statues_fountains
Vaults:5: serial_shops
Crypt:1:  statuecave_lemuel, layout_chaotic_city
Crypt:2:  minmay_guarded_unrand_majin_bo, layout_misc_corridors,
          minmay_misc_feat_columns, glass_columns_a, chequers_big_river
Crypt:3:  church_of_pain_bobbens, layout_chaotic_city, tomb_entry_simple_bobbens
Depths:1: layout_forbidden_donut, hangedman_coc_ice_floe, abyss_entry,
          kiku_gazebo_pond_becter, hangedman_decor_diamond_cutter,
          lemuel_angel_altar, minmay_shop_star
Depths:2: minmay_the_grid_four_pointed_star_mashed
          [minmay_the_grid_triangle_9x9_from_above,
          minmay_the_grid_triangle_9x9_flanged_cone,
          minmay_the_grid_triangle_9x9_longest,
          minmay_the_grid_triangle_9x9_sprig, minmay_the_grid_prize_big_room],
          layout_gridlike, kennysheep_decorative_pillar,
          grunt_pan_entry_sceptre, hangedman_tar_grid_catacomb, firewood_loft
Depths:3: minmay_concentric_multi, layout_gridlike, enter_ziggurat_e,
          minmay_misc_feat_square, serial_shops, shop, hell_entry,
          hangedman_abyss_entry_splay, glass_columns_a
Depths:4: grunt_crosshair, layout_cave_shapes, hellmouth_3, special_room
          [special_room_jelly], moated_statue
Zot:1:    layout_gridlike, uniq_josephina
Zot:2:    gammafunk_mikee_crab_dinner, layout_misc_corridors, grunt_megastairs_5
Zot:3:    layout_basic, grunt_megastairs_2
Zot:4:    layout_gridlike, uniq_tiamat
Zot:5:    layout_misc_corridors

Skill      XL: |  1  2  3  4  5  6  7  8  9 10 11 12 13 14 15 16 17 18 19 20 21 22 23 24 25 26 27 |
---------------+----------------------------------------------------------------------------------+-----
Conjurations   | 1 2 3 6 8 12 15 16 17 | 17.4
Air Magic      | 3 4 5 6 7 8 9 10 12 13 15 16 17 19 21 | 21.3
Invocations    | 1 3 4 6 8 9 |  9.0
Fighting       | 2 4 7 8 10 12 14 17 19 20 21 22 | 22.1
Spellcasting   | 4 5 6 9 11 12 | 12.3
Dodging        | 2 5 6 8 9 10 11 | 11.7
Transmutations | 1 7 11 12 13 15 16 17 | 17.3
Unarmed Combat | 5 8 10 12 14 15 | 15.0
Translocations | 4 7 8 10 | 10.0
Evocations     | 7 10 | 10.0
Armour         | 4 6 8 10 11 | 11.4
Stealth        | 5 8 |  8.0

Action                   |  1- 3 |  4- 6 |  7- 9 | 10-12 | 13-15 | 16-18 | 19-21 | 22-24 | 25-27 || total
-------------------------+-------+-------+-------+-------+-------+-------+-------+-------+-------++-------
Melee: Dagger            |    55 |       |       |       |       |       |       |       |       ||    55
       Trident           |       |    79 |    46 |       |       |       |       |       |       ||   125
       Staff             |       |       |     3 |    26 |    10 |    14 |     8 |    12 |    75 ||   148
       Unarmed           |       |       |       |       |   462 |   843 |   887 |   780 |   981 ||  3953
       Punch             |       |       |       |       |    21 |    44 |    99 |    73 |   109 ||   346
       Peck              |       |       |       |       |       |       |       |       |     1 ||     1
 Cast: Shock             |    41 |    18 |       |       |       |       |       |       |       ||    59
       Static Discharge  |     5 |    19 |    40 |   107 |    30 |       |       |       |       ||   201
       Airstrike         |       |     3 |    85 |   187 |   180 |    18 |     1 |     5 |       ||   479
       Swiftness         |       |       |       |       |     5 |     2 |     4 |     1 |     1 ||    13
       Storm Form        |       |       |       |       |    62 |    84 |    65 |    64 |   103 ||   378
       Conjure Ball Ligh |       |       |       |       |    12 |     4 |     4 |    10 |       ||    30
       Manifold Assault  |       |       |       |       |    10 |   196 |    63 |    76 |   104 ||   449
       Lightning Bolt    |       |       |       |       |     1 |     3 |       |       |       ||     4
       Passage of Golubr |       |       |       |       |       |       |     3 |     1 |       ||     4
       Silence           |       |       |       |       |       |       |     1 |     4 |     5 ||    10
       Maxwell's Capacit |       |       |       |       |       |       |       |       |     3 ||     3
Invok: Channel Magic     |       |       |     1 |     6 |     4 |    12 |     1 |     4 |     7 ||    35
 Abil: Blinkbolt         |       |       |       |       |    29 |    25 |    37 |    42 |    48 ||   181
Evoke: Phial of floods   |       |       |       |       |       |     1 |       |     1 |     2 ||     4
       Wand              |       |       |       |       |       |       |       |       |     5 ||     5
  Use: Scroll            |       |    11 |     5 |     6 |     7 |       |     7 |    11 |    13 ||    60
       Potion            |       |       |       |       |     3 |     8 |     4 |     9 |    19 ||    43
 Stab: Sleeping          |     1 |     3 |     1 |       |       |       |       |       |     6 ||    11
       Invisible         |       |       |       |       |     2 |       |       |       |       ||     2
       Distracted        |       |       |       |       |       |       |       |       |     1 ||     1
Armor: Robe              |    14 |    12 |     3 |    30 |     5 |     1 |       |     3 |    36 ||   104
       Steam dragon scal |       |       |    23 |       |       |       |       |       |       ||    23
       Skin              |       |       |       |       |   158 |   138 |   142 |   145 |   247 ||   830
Dodge: Dodged            |    17 |    29 |    35 |    72 |   434 |   590 |   799 |   634 |   713 ||  3323
Block: Other             |       |       |       |       |       |     1 |     1 |     1 |     4 ||     7

Table legend: (Time is in decaauts)
 A = Elapsed time spent in this place.
 B = Non-inter-level travel time spent in this place.
 C = Inter-level travel time spent in this place.
 D = Time resting spent in this place.
 E = Time spent auto-exploring this place.
 F = Levels seen in this place.
 G = Mean time per level.
                   A        B        C        D        E       F      G
               +--------+--------+--------+--------+--------+-----+--------+
         Total |  94430 |  86848 |   7582 |  19503 |  52826 |  63 | 1498.9 |
       Dungeon |  25956 |  23386 |   2570 |   3992 |  16429 |  15 | 1730.4 |
        Temple |     83 |     45 |     38 |      0 |     37 |   1 |   83.0 |
          Lair |  14183 |  13375 |    808 |   3726 |   7804 |   6 | 2363.8 |
        Shoals |   6024 |   5621 |    403 |    941 |   3781 |   4 | 1506.0 |
     Snake Pit |   6543 |   6296 |    247 |    674 |   4541 |   4 | 1635.8 |
  Orcish Mines |   2616 |   2483 |    133 |    898 |   1105 |   2 | 1308.0 |
   Elven Halls |   4982 |   4863 |    119 |    774 |   3228 |   3 | 1660.7 |
        Vaults |  13091 |  11906 |   1185 |   2773 |   6891 |   5 | 2618.2 |
         Crypt |   5124 |   4911 |    213 |    780 |   3276 |   3 | 1708.0 |
        Depths |   8463 |   7259 |   1204 |   1327 |   4917 |   4 | 2115.8 |
           Zot |   5494 |   4835 |    659 |   2875 |    374 |   5 | 1098.8 |
      Ziggurat |    808 |    808 |      0 |    566 |      0 |   8 |  101.0 |
        Bazaar |    359 |    359 |      0 |      0 |    278 |   1 |  359.0 |
         Trove |     70 |     70 |      0 |      0 |      0 |   1 |   70.0 |
      Gauntlet |    627 |    627 |      0 |    175 |    161 |   1 |  627.0 |
               +--------+--------+--------+--------+--------+-----+--------+

Top non-repeatable levels by time:
  Lair:3: 3497 daAuts
     D:9: 3358 daAuts
Vaults:3: 3044 daAuts
Vaults:5: 2989 daAuts
Depths:4: 2838 daAuts
  Lair:2: 2718 daAuts
Vaults:1: 2689 daAuts
  Lair:4: 2662 daAuts
   Zot:5: 2548 daAuts
   Elf:3: 2413 daAuts
Vaults:4: 2404 daAuts
    D:13: 2298 daAuts
Depths:3: 2285 daAuts
  Lair:6: 2193 daAuts
    D:15: 2187 daAuts
